cohdb
Replays
Latest Replays
All Replays
Popular Replays
Top Player Replays
Match Explorer
How It Works
Community
CoH3 Stats
Reddit
Sign in to upload your games and track your stats! →
Sign in with Steam
Match 46907470
Unlisted
Match 46907470
Overview
Messages
Build Orders
End
Construct Section Command Post
Royal Engineer Section
Infantry Section
Infantry Section
ML 3-inch Mortar Team
ML 3-inch Mortar Team
Construct Platoon Command Post
Construct Field Infirmary
Humber Armored Car
6-pounder Anti-tank Gun Team
Selects Indian Artillery Battlegroup
Selects Valour
Selects Gurkha Rifles Section
Gurkha Rifles Section
Construct Company Command Post
6-pounder Anti-tank Gun Team
Matilda II Heavy Tank
Selects Volunteer Infantry
Selects Artillery Saturation
Nubbl0r
Highfive
0
0
Comments
sign in to comment!
No comments posted yet!